 Dungeon Crawl Stone Soup version 0.31-a0-1074-g0b22e4e0f1 (webtiles) character file.

Game seed: 3907622399819685487

15 monsoonserge the Charlatan (level 2, 0/18 HPs)
             Began as an Octopode Artificer on Dec 5, 2023.
             Slain by a bat (1 damage)
             ... on level 2 of the Dungeon.
             The game lasted 00:02:18 (1120 turns).

monsoonserge the Charlatan (Octopode Artificer)     Turns: 1120, Time: 00:02:19

Health: 0/18       AC:  1    Str: 11    XL:     2   Next: 50%
Magic:  2/2        EV: 13    Int: 13    God:
Gold:   81         SH:  0    Dex: 12    Spells: 1/1 levels left

rFire   . . .        e - +0 dagger
rCold   . . .        (no shield)
rNeg    . . .        (helmet restricted)
rPois   .            (no amulet)
rElec   .            (no ring)
rCorr   .            (no ring)
SInv    .            (no ring)
Will    .....        (no ring)
Stlth   +++          (no ring)
HPRegen 0.23/turn    (no ring)
MPRegen 0.08/turn    (no ring)
                     (no ring)

%: no passive effects
@: no status effects
A: almost no armour, amphibious, 8 rings, camouflage 1, gelatinous body 1,
(nimble swimmer 1), tentacles
a: no special abilities


You were on level 2 of the Dungeon.
You visited 1 branch of the dungeon, and saw 2 of its levels.

You collected 81 gold pieces.

Inventory:

Hand Weapons
 e - a +0 dagger (weapon)
Wands
 b - a wand of flame (15) (quivered)
 c - a wand of charming (14)
 d - a wand of iceblast (5)
Scrolls
 g - a scroll of identify {unknown}
 h - a scroll of teleportation {unknown}
 i - a scroll of revelation {unknown}
Potions
 a - a potion of might {unknown}
 f - a potion of mutation {unknown}
 j - a potion of heal wounds {unknown}


   Skills:
 - Level 1.0 Fighting
 + Level 2.7 Dodging
 + Level 1.4 Stealth
 * Level 0.3 Unarmed Combat
 + Level 3.7 Evocations


You had one spell level left.
You didn't know any spells.
Your spell library contained the following spells:

 Spells                   Type           Power      Damage    Failure   Level
 Apportation              Tloc           0%         N/A       30%         1
 Jinxbite                 Hex            0%         N/A       43%         2
 Alistair's Intoxication  Tmut/Pois      0%         N/A       100%        5


Dungeon Overview and Level Annotations

Branches:
Dungeon (2/15)

Altars:


Innate Abilities, Weirdness & Mutations

You cannot wear most types of armour.
You are amphibious.
You can wear up to eight rings at the same time.
Your skin changes colour to match your surroundings (Stealth+).
Your rubbery body absorbs attacks. (AC +1, EV +1)
((You are camouflaged when in or above water. (Stealth+)))
You have tentacles for arms and can constrict up to eight enemies at once.


Message History

Found a metallic inky potion.
The bat barely misses you. The bat hits you. The jackal completely misses you.
The jackal closely misses you. The jackal bites you.
The jackal completely misses you. The bat misses you.
The jackal barely misses you. The jackal bites you. The bat closely misses you.
The jackal completely misses you. The jackal bites you. x2
The jackal completely misses you. The jackal attacks as it pursues you!
The jackal closely misses you.
The ball python hisses angrily.
You hit the jackal. Your grab misses the jackal.
The jackal is heavily wounded.
The jackal bites you. The jackal closely misses you.
You hit the quokka. You grab the quokka.
You tentacle-slap the quokka, but do no damage.
The quokka is moderately wounded.
You constrict the quokka. The jackal completely misses you.
The jackal barely misses you. The quokka bites you.
* * * LOW HITPOINT WARNING * * *
The bat hits you.
* * * LOW HITPOINT WARNING * * *
The jackal closely misses you.
The jackal bites you but does no damage.
The quokka completely misses you.
There's nothing to close nearby.
Unknown command.
Aiming: Charm
Press: ? - help, Shift-Dir - straight line, f - jackal
Aim: a jackal (chance to affect: 75%)
The jackal struggles to resist.
You constrict the quokka. The bat barely misses you. The jackal bites you.
* * * LOW HITPOINT WARNING * * *
The quokka misses you.
You barely miss the jackal. You grab the jackal.
The jackal is heavily wounded.
You constrict the quokka.
You kill the quokka!
You constrict the jackal. The bat hits you.
* * * LOW HITPOINT WARNING * * *
The jackal completely misses you. The bat hits you.
You die...

#.# #
#####################
...
.......................
.......................
...##...#.......######
................'.....
..##...#.......######
#...#............. #
#...#######....... #..
#@b.# #.......
#..!.##hh.#### #.....[.
#.....hhS....# #.......
#............# #.......
#............# #.......
#............# #.......
#......?.....# #.......
#............# #.......
#####........# #.......


You could see 4 jackals, a bat and a ball python.

Vanquished Creatures
  2 dart slugs (D:1)
  An endoplasm (D:1)
  A giant cockroach (D:2)
  A goblin (D:1)
  A hobgoblin (D:1)
  3 quokkas
  A bat (D:1)
  A rat (D:2)
11 creatures vanquished.

Notes
Turn   | Place    | Note
-------+----------+-------------------------------------------
     0 | D:1      | monsoonserge the Octopode Artificer began the quest for the
                  | Orb.
     0 | D:1      | Reached XP level 1. HP: 13/13 MP: 1/1
   246 | D:1      | Reached XP level 2. HP: 16/18 MP: 2/2
   396 | D:1      | Found a faded altar of an unknown god.
  1120 | D:2      | Slain by a bat

Illustrated notes

Levels and vault maps discovered:
D:1:      psy_arrival_statuary, layout_basic, shapermc_ecumenical_altar_ellora
D:2:      layout_basic

Action                     || total
---------------------------++-------
  Melee: Dagger            ||    15
         Constrict         ||     7
         Club              ||     3
         Tentacles         ||     4
         Punch             ||     2
  Evoke: Wand              ||     1
   Stab: Sleeping          ||     3
 Armour: Skin              ||    20
  Dodge: Dodged            ||    25

Table legend: (Time is in decaauts)
 A = Elapsed time spent in this place.
 B = Non-inter-level travel time spent in this place.
 C = Inter-level travel time spent in this place.
 D = Time resting spent in this place.
 E = Time spent auto-exploring this place.
 F = Levels seen in this place.
 G = Mean time per level.
                   A        B        C        D        E       F      G
               +--------+--------+--------+--------+--------+-----+--------+
         Total |   1121 |   1007 |    114 |    100 |    667 |   2 |  560.5 |
       Dungeon |   1121 |   1007 |    114 |    100 |    667 |   2 |  560.5 |
               +--------+--------+--------+--------+--------+-----+--------+

Top non-repeatable levels by time:
     D:1: 909 daAuts
     D:2: 211 daAuts
